 Dungeon Crawl Stone Soup version 0.19-a0-1401-g902f63d (webtiles) character file.

24 Amnesiac the Magician (level 2, -10/15 HPs)
             Began as a Deep Elf Wizard on Sept 5, 2016.
             Shot with an arrow by a centaur (14 damage)
             ... on level 4 of the Dungeon.
             The game lasted 00:02:49 (599 turns).

Amnesiac the Magician (Deep Elf Wizard)              Turns: 599, Time: 00:02:50

Health: -10/15     AC:  2    Str:  4    XL:     2   Next: 79%
Magic:  2/10       EV: 13    Int: 22    God:
Gold:   4          SH:  0    Dex: 13    Spells: 2 memorised, 7 levels left

rFire  . . .     SeeInvis .     e - +2 short sword (freeze)
rCold  . . .     Gourm    .     a - +0 robe
rNeg   . . .     Faith    .     (no shield)
rPois  .         Spirit   .     b - +0 hat
rElec  .         Dismiss  .     (no cloak)
rCorr  .         Reflect  .     (no gloves)
MR     .....     Harm     .     (no boots)
Stlth  ++........               (no amulet)
                                (no ring)
                                (no ring)

@: repel missiles
A: no striking features
a: no special abilities


You were on level 4 of the Dungeon.
You were not hungry.

You visited 1 branch of the dungeon, and saw 4 of its levels.

You collected 32 gold pieces.
You spent 28 gold pieces at shops.

Inventory:

Hand Weapons
 e - a +2 short sword of freezing (weapon)
Missiles
 m - 6 curare-tipped needles
Armour
 a - a +0 robe (worn)
 b - a +0 hat (worn)
 f - a +1 buckler of fire resistance
Books
 c - a book of Minor Magic

   Spells                             Type                      Level
   a - Magic Dart                     Conjuration                  1
   b - Blink                          Translocation                2
   c - Call Imp                       Summoning                    2
   d - Repel Missiles                 Charms/Air                   2
   e - Slow                           Hexes                        2
   f - Conjure Flame                  Conjuration/Fire             3
   g - Mephitic Cloud                 Conjuration/Poison/Air       3
Comestibles
 d - a bread ration
 g - a chunk of flesh
 h - 3 fruits


   Skills:
 - Level 2.4 Dodging
 - Level 2.4 Stealth
 + Level 1.4 Shields
 - Level 5.0 Spellcasting
   Level 1.1 Conjurations
   Level 1.1 Summonings
 - Level 1.1 Translocations


You had 7 spell levels left.
You knew the following spells:

 Your Spells              Type           Power        Failure   Level  Hunger
a - Repel Missiles        Chrm/Air       #.....       17%         2    None
b - Blink                 Tloc           N/A          12%         2    None


Dungeon Overview and Level Annotations

Branches:
Dungeon (4/15)
 Temple: D:4-7

Altars:

Shops:
D:4 ?

Annotations:
D:4 Eustachio, Grinder


Message History

You feel less protected from missiles.
You see here an arrow.
A scorpion and Grinder come into view.
The centaur shoots an arrow.
The arrow barely misses you.
You see here an arrow.
You feel better. Grinder hits you.
* * * LOW HITPOINT WARNING * * *
Grinder blinks!
Casting: Repel Missiles
Confirm with . or Enter, or press ? or * to list all spells.
You feel protected from missiles.
The centaur shoots an arrow.
The arrow is repelled.
You feel less protected from missiles.
The centaur shoots an arrow.
The arrow closely misses you.
Casting: Repel Missiles
Confirm with . or Enter, or press ? or * to list all spells.
You feel protected from missiles.
The centaur shoots an arrow.
The arrow hits you!
Ouch! That really hurt!
You die...

#....##.#......#.####.#.......
#....##.#......#.##...#.......
####.......#........#⌠.⌠.#.......
.......<..##..#.......∩..#.#...#.
......###.##..#......⌠.⌠.#.#...#.
......###.##..#####.##.#.#.#...#.
####..........# #.##.#.#.#..>#.
........##..#####.##.#........#
##########.(..@..c.............
#..#####5##s.........# #..#
#.##.##..#..... ....
..##c##.##..... #.###
##.##.##.###..## .#
#.##.##.......# ###.##s##.###.(..
........((..(c...#
####.##?########.#


You could see Grinder, a centaur and a scorpion.

Vanquished Creatures
  An adder (D:3)
  4 orcs
  3 kobolds (D:1)
  A quokka (D:4)
  A giant newt (D:3)
  A jackal skeleton (D:4)
  A rat (D:2)
12 creatures vanquished.

Notes
Turn   | Place    | Note
-------+----------+-------------------------------------------
     0 | D:1      | Amnesiac the Deep Elf Wizard began the quest for the Orb.
     0 | D:1      | Reached XP level 1. HP: 10/10 MP: 7/7
   155 | D:3      | Reached skill level 5 in Spellcasting
   164 | D:3      | Reached XP level 2. HP: 14/15 MP: 6/10
   171 | D:3      | Learned a level 2 spell: Repel Missiles
   174 | D:3      | Learned a level 2 spell: Blink
   235 | D:3      | Reached skill level 1 in Shields
   510 | D:4      | Found Mamunt's Magic Scroll Shoppe.
   527 | D:4      | Bought a scroll of identify for 28 gold pieces
   535 | D:4      | Noticed Eustachio
   569 | D:4      | Noticed a centaur
   584 | D:4      | Noticed Grinder
   584 | D:4      | Noticed a scorpion
   599 | D:4      | Shot with an arrow by a centaur

Vault maps used:
D:1:      lemuel_arrival_broad_hall
D:2:      uniq_natasha, uniq_robin
D:3:      wad_woods_stonehenge, first_bread, st_stairs_11
D:4:      kennysheep_goblin_castle, serial_shops, shop_fountains, uniq_grinder,
          uniq_edmund, uniq_eustachio

Skill      XL: |  1  2 |
---------------+-------+-----
Spellcasting   | 5 |  5.0
Shields        | 1 |  1.4
Dodging        | |  2.4
Stealth        | |  2.4
Conjurations   | |  1.1
Summonings     | |  1.1
Translocations | |  1.1

Action                   || total
-------------------------++-------
Melee: Short sword       ||     8
 Cast: Magic Dart        ||    28
       Repel Missiles    ||     4
       Blink             ||     1
  Use: Scroll            ||     6
       Potion            ||     1
Dodge: Dodged            ||    20
       Deflected         ||     3
